 Dungeon Crawl Stone Soup version 0.19-a0-1213-g90c832c (webtiles) character file.

709 LORDOFBUTT the Sneak (level 7, -1/32 HPs)
             Began as a Spriggan Enchanter on Aug 22, 2016.
             Slain by an orc
             ... wielding a +0 falchion
              (2 damage)
             ... on level 4 of the Dungeon.
             The game lasted 00:12:23 (4779 turns).

LORDOFBUTT the Sneak (Spriggan Enchanter)           Turns: 4779, Time: 00:12:24

Health: -1/32      AC:  3    Str:  4    XL:     7   Next: 40%
Magic:  10/15      EV: 21    Int: 18    God:
Gold:   86         SH:  0    Dex: 17    Spells: 3 memorised, 7 levels left

rFire  . . .     SeeInvis +     j - +0 rapier
rCold  . . .     Gourm    .     b - +1 robe
rNeg   . . .     Faith    .     (shield restricted)
rPois  .         Spirit   .     (helmet restricted)
rElec  .         Dismiss  .     (no cloak)
rCorr  .         Reflect  .     (gloves unavailable)
MR     +....     Harm     .     (boots unavailable)
Stlth  ++++......               (no amulet)
                                (no ring)
                                (no ring)

@: very quick
A: unfitting armour, see invisible, herbivore 3, speed 3, slow metabolism 2
a: no special abilities


You were on level 4 of the Dungeon.
You were full.

You visited 1 branch of the dungeon, and saw 4 of its levels.

You collected 86 gold pieces.

Inventory:

Hand Weapons
 a - a +1 dagger
 j - a +0 rapier (weapon)
Missiles
 o - 28 poisoned needles
Armour
 b - a +1 robe (worn)
Jewellery
 f - an uncursed ring of ice {unknown}
 s - an uncursed amulet of regeneration
 v - an uncursed amulet of guardian spirit {unknown}
Wands
 r - a wand of random effects (39/48)
Scrolls
 e - a scroll of amnesia
 h - a scroll of fear {unknown}
 i - 4 scrolls of remove curse {unknown}
 l - a scroll of magic mapping {unknown}
 n - 2 scrolls of identify {unknown}
 q - a scroll of immolation {unknown}
 t - a scroll of noise {unknown}
 u - a scroll of enchant armour {unknown}
 w - 2 scrolls of enchant weapon {unknown}
Potions
 g - 2 potions of curing
 m - a potion of degeneration {unknown}
 p - a potion of heal wounds
 x - a potion of might {unknown}
Books
 c - a book of Maledictions

   Spells                             Type                      Level
   a - Corona                         Hexes                        1
   b - Ensorcelled Hibernation        Hexes/Ice                    2
   c - Confuse                        Hexes                        3
   d - Tukima's Dance                 Hexes                        3
   e - Dazzling Spray                 Conjuration/Hexes            3
Comestibles
 d - a bread ration


   Skills:
 + Level 4.3 Short Blades
 + Level 5.9 Dodging
 + Level 7.3 Stealth
 + Level 4.7 Spellcasting
 + Level 5.5 Hexes


You had 7 spell levels left.
You knew the following spells:

 Your Spells              Type           Power        Failure   Level  Hunger
b - Ensorcelled Hibernat  Hex/Ice        ##....       10%         2    #......
c - Confuse               Hex            ###.....     4%          3    ###....
d - Tukima's Dance        Hex            ###.....     4%          3    ###....


Dungeon Overview and Level Annotations

Branches:
Dungeon (4/15)
 Temple: D:4-7

Altars:
Ashenzari
Qazlal

Shops:
D:4 !

Annotations:
D:4 Sigmund


Innate Abilities, Weirdness & Mutations

You are tiny and cannot use many weapons and most armour.
You have supernaturally acute eyesight. (SInv)
You are a herbivore.
You cover ground extremely quickly.
You need consume almost no food.


Message History

You kill the adder!
The adder barely misses you.
The orc priest invokes the aid of Beogh against you.
Beogh smites you! The orc closely misses you.
Casting: Ensorcelled Hibernation
Confirm with . or Enter, or press ? or * to list all spells.
Aiming: Ensorcelled Hibernation
Press: ? - help, Shift-Dir - straight line, f - adder
Aim: an adder (chance to defeat MR: 53%)
The adder resists with significant effort.
Sigmund gestures wildly while chanting.
Sigmund flickers and vanishes for a moment.
The orc priest mumbles some strange prayers to Beogh against you.
Beogh smites you!
* * * LOW HITPOINT WARNING * * *
The adder bites you.
* * * LOW HITPOINT WARNING * * *
The orc wizard mumbles some strange words.
The orc wizard blinks!
The orc hits you with a falchion.
You die...

## .. ..# .###... ## ......
##... .....
###...####@..####
#.....#⌠.o#'#..⌠#
#.....#..@oo....#
#..#.###§So.§...#
##..#...#.........
...#...'..._...'. ##
#.#...#......... ..#
######..####.......#.###..#
#.........#..........o....#
#.######..#⌠.##'...⌠#..#..#
#.#.......#.##....###†...#


You could see Sigmund (invisible), 2 orc priests, an adder and 2 orcs.

Vanquished Creatures
  Eustachio (D:4)
  Menkaure (D:4)
  A scorpion (D:4)
  A howler monkey (D:4)
  2 hounds (D:4)
  Natasha (D:3)
  2 worker ants (D:4)
  Robin (D:2)
  7 adders
  8 gnolls (D:4)
  A howler monkey skeleton (D:4)
  An ooze (D:3)
  An adder skeleton (D:4)
  3 worms
  2 giant geckos
  8 orcs
  3 giant cockroaches
  13 goblins
  11 hobgoblins
  2 jackals (D:1)
  2 quokkas (D:3)
  3 ball pythons
  6 bats
  5 giant newts
  6 kobolds
  12 rats
104 creatures vanquished.

Vanquished Creatures (collateral kills)
  An orc (D:4)
1 creature vanquished.

Vanquished Creatures (others)
  A dancing weapon (D:4)
1 creature vanquished.

Grand Total: 106 creatures vanquished

Notes
Turn   | Place    | Note
-------+----------+-------------------------------------------
     0 | D:1      | LORDOFBUTT the Spriggan Enchanter began the quest for the Orb.
     0 | D:1      | Reached XP level 1. HP: 9/9 MP: 5/5
   292 | D:1      | Reached XP level 2. HP: 13/13 MP: 6/6
   459 | D:1      | Reached skill level 5 in Stealth
   643 | D:1      | Learned a level 2 spell: Ensorcelled Hibernation
   898 | D:2      | Found a stormy altar of Qazlal.
  1483 | D:2      | Reached XP level 3. HP: 9/16 MP: 5/8
  1894 | D:2      | Reached XP level 4. HP: 21/21 MP: 6/9
  1978 | D:2      | Noticed Robin
  1986 | D:2      | Killed Robin
  2620 | D:3      | Reached XP level 5. HP: 24/24 MP: 11/11
  2758 | D:3      | Noticed Natasha
  2768 | D:3      | Killed Natasha
  2956 | D:4      | Reached skill level 6 in Stealth
  3009 | D:4      | Learned a level 3 spell: Confuse
  3013 | D:4      | Learned a level 3 spell: Tukima's Dance
  3020 | D:4      | Noticed Menkaure
  3026 | D:4      | Killed Menkaure
  3026 | D:4      | Reached skill level 5 in Dodging
  3026 | D:4      | Reached XP level 6. HP: 28/28 MP: 7/13
  3079 | D:4      | Noticed Eustachio
  3592 | D:4      | Found a shattered altar of Ashenzari.
  3608 | D:4      | HP: 1/28 [orc priest/divine providence (13)]
  3847 | D:4      | Reached skill level 5 in Hexes
  4061 | D:4      | Found Ylla's Distillery.
  4442 | D:4      | Killed Eustachio
  4442 | D:4      | Reached skill level 7 in Stealth
  4442 | D:4      | Reached XP level 7. HP: 12/32 MP: 1/14
  4767 | D:4      | Noticed Sigmund
  4779 | D:4      | HP: 1/32 [adder (2)]
  4779 | D:4      | Slain by an orc

Vault maps used:
D:1:      minmay_arrival_cross
D:2:      nicolae_overflow_crystal_walls, kennysheep_potato, uniq_robin
D:3:      grunt_ministairs_15, uniq_natasha
D:4:      evilmike_ruin_ashenzari, serial_shops, shop, uniq_sigmund,
          uniq_menkaure, uniq_eustachio

Skill      XL: |  1  2  3  4  5  6 |
---------------+-------------------+-----
Stealth        | 5 6 7 |  7.3
Spellcasting   | 3 4 |  4.7
Hexes          | 4 5 |  5.5
Dodging        | 4 5 |  5.9
Short Blades   | 2 3 4 |  4.3

Action                   |  1- 3 |  4- 6 |  7- 9 || total
-------------------------+-------+-------+-------++-------
Melee: Dagger            |   149 |   242 |       ||   391
       Rapier            |       |       |    25 ||    25
 Cast: Ensorcelled Hiber |    15 |    32 |    11 ||    58
       Tukima's Dance    |       |     4 |       ||     4
       Confuse           |       |     2 |       ||     2
  Use: Potion            |       |     3 |       ||     3
       Scroll            |       |     2 |       ||     2
 Stab: Sleeping          |    18 |    28 |     5 ||    51
       Distracted        |       |     1 |       ||     1
  Eat: Fruit             |       |     3 |       ||     3
       Bread ration      |       |     1 |       ||     1
Armor: Robe              |    14 |    13 |     3 ||    30
       Skin              |       |    28 |       ||    28
Dodge: Dodged            |   112 |   172 |    40 ||   324
